 Dungeon Crawl Stone Soup version 0.27.1-1-g398f81649c (webtiles) character file.

Game seed: 17904157745354268787

26973 DearestLeader the Impaler (level 13, -25/101 HPs)
             Began as a Merfolk Ice Elementalist on Sept 21, 2021.
             Was the Champion of Okawaru.
             Killed from afar by a lindwurm (30 damage)
             ... with a blast of flame
             ... summoned by Kirke
             ... on level 5 of the Lair of Beasts on Sept 22, 2021.
             The game lasted 00:41:20 (17316 turns).

DearestLeader the Impaler (MfIE)                   Turns: 17316, Time: 00:41:21

Health: -25/101    AC:  0    Str: 10    XL:     13   Next: 29%
Magic:  8/12       EV: 20    Int: 17    God:    Okawaru [******]
Gold:   628        SH:  5    Dex: 15    Spells: 9/23 levels left

rFire    . . .     SeeInvis .   (weapon currently unavailable)
rCold    + . .     Faith    .   (shield currently unavailable)
rNeg     + . .     Spirit   .   (armour currently unavailable)
rPois    .         Reflect  +   (helmet currently unavailable)
rElec    .         Harm     .   (cloak currently unavailable)
rCorr    .         Rampage  .   (gloves currently unavailable)
Will     .....                  (boots currently unavailable)
Stlth    ++........             x - amulet of the Saviour {Reflect +Inv rC+ rN+ MP-9 SH+5}
HPRegen  0.26/turn              (ring currently unavailable)
MPRegen  0.13/turn              (ring currently unavailable)

@: pig-form, slowed
A: fast, no casting, small, (nimble swimmer 2), (mertail)
a: Renounce Religion, Evoke Invisibility, Heroism, Finesse


You were on level 5 of the Lair of Beasts.
You worshipped Okawaru.
Okawaru was exalted by your worship.
You were a filthy swine.
You visited 2 branches of the dungeon, and saw 16 of its levels.

You collected 771 gold pieces.
You spent 143 gold pieces at shops.

Inventory:

Hand Weapons
 c - a +3 halberd of venom
 v - the +6 mace of Fear (melded) {vorpal, rPois rC++}
   (You found it on level 5 of the Lair of Beasts)

   It inflicts extra damage upon your enemies.
   rC:        It greatly protects you from cold.
   rPois:     It protects you from poison.
 D - the +1 hunting sling "Rirph" {speed, Str+4}
   (You found it on level 5 of the Dungeon)

   Attacks with this weapon are significantly faster.
   Str:       It affects your strength (+4).
 M - a +0 shortbow
 X - a +6 glaive of protection
 Y - a +1 longbow of flaming
Missiles
 N - 203 arrows
 R - 5 silver javelins
 S - 48 sling bullets
Armour
 i - a +4 ring mail of positive energy
 l - a +2 robe of the Archmagi (melded)
 G - a +0 pair of gloves (melded)
 H - a +2 helmet of intelligence
 O - the +0 cloak "Fuudwips" (melded) {rN+ Regen+}
   (Okawaru gifted it to you on level 5 of the Lair of Beasts)

   rN:        It protects you from negative energy.
   Regen:     It increases your rate of health regeneration.
 V - a +0 buckler
Jewellery
 a - a ring of resist corrosion
 f - a +4 ring of protection (melded)
 n - a +6 ring of intelligence
 s - a ring of see invisible
 x - the amulet of the Saviour (around neck) {Reflect +Inv rC+ rN+ MP-9 SH+5}
   (You found it on level 5 of the Lair of Beasts)

   [amulet of reflection]

   It reflects blocked missile attacks.
   rC:        It protects you from cold.
   rN:        It protects you from negative energy.
   MP:        It affects your magic capacity (-9).
   +Inv:      It lets you turn invisible.
   SH:        It affects your SH (+5).
 A - a ring of magical power
 W - a ring of poison resistance (melded)
Wands
 r - a wand of polymorph (6)
 y - a wand of mindburst (9)
 I - a wand of iceblast (31)
 L - a wand of paralysis (20)
Scrolls
 b - 2 scrolls of fear
 g - a scroll of enchant weapon {unknown}
 h - 5 scrolls of teleportation
 o - a scroll of silence
 p - 2 scrolls of magic mapping
 q - a scroll of vulnerability {unknown}
 C - 3 scrolls of blinking
 J - a scroll of torment
 P - a scroll of brand weapon
 Q - a scroll of fog {unknown}
 T - a scroll of immolation
 Z - a scroll of amnesia {unknown}
Potions
 d - a potion of haste
 e - a potion of brilliance
 j - a potion of heal wounds
 k - a potion of invisibility
 m - a potion of mutation
 t - a potion of attraction {unknown}
 u - a potion of berserk rage {unknown}
 z - 2 potions of curing {unknown}
 B - 2 potions of lignification {unknown}
 E - a potion of might {unknown}
 F - a potion of resistance {unknown}
 K - 2 potions of flight {unknown}
 U - 2 potions of ambrosia {unknown}


   Skills:
 + Level 9.4 Fighting
 * Level 16.3 Polearms
 - Level 10.0 Dodging
 - Level 2.1 Stealth
 + Level 5.5 Spellcasting
 + Level 12.1 Ice Magic
 + Level 9.6 Invocations


You had 9 spell levels left.
You knew the following spells:

 Your Spells              Type           Power      Damage    Failure   Level
a - Freeze                Ice            100%       1d11      1%          1
b - Frozen Ramparts       Ice            90%        1d11      1%          3
c - Ozocubu's Armour      Ice            45%        N/A       1%          3
d - Ozocubu's Refrigerat  Ice            22%        4d9       63%         7

Your spell library contained the following spells:

 Spells                   Type           Power      Damage    Failure   Level
 Hailstorm                Conj/Ice       25%        3d7       11%         4
 Slow                     Hex            4%         N/A       21%         2
 Confusing Touch          Hex            4%         N/A       38%         3
 Gell's Gravitas          Tloc           2%         N/A       38%         3
 Teleport Other           Tloc           4%         N/A       38%         3
 Vampiric Draining        Necr           2%         2d6       38%         3
 Summon Forest            Summ/Tloc      2%         N/A       98%         5
 Dispersal                Tloc           2%         N/A       100%        6
 Eringya's Noxious Bog    Tmut/Pois      2%         N/A       100%        6
 Summon Hydra             Summ           2%         N/A       100%        7


Dungeon Overview and Level Annotations

Branches:
Dungeon (10/15)            Temple (0/1) D:5            Lair (6/6) D:9
  Swamp (0/4) Lair:2        Slime (0/5) Lair:6
  Snake: Lair:2-4    Spider: Lair:2-4       Orc: D:9-12

Altars:
Cheibriados
Dithmenos
Fedhas
Gozag
Nemelex Xobeh
Okawaru
Jiyva

Shops:
D:6 (

Annotations:
D:3 3 runed translucent doors, Elvor's ghost, novice GrDe
Lair:5 Kirke


Innate Abilities, Weirdness & Mutations

You are a filthy swine.
You move quickly.
Your equipment is almost entirely melded.
You are incapable of wielding weapons or throwing items.
You cannot cast spells.
((You are quick and stealthy near water. (Stealth+, EV+, Speed+++)))
((Your lower body shifts to a powerful aquatic tail in water.))


Message History

Kirke is moderately wounded.
The manticore misses you. The manticore closely misses you.
The manticore claws you but does no damage.
The hog bites you but does no damage. Kirke hits you but does no damage.
The manticore misses you. The manticore completely misses you.
The manticore closely misses you. The hog barely misses you.
Kirke hits you but does no damage. You block the manticore's attack.
The manticore closely misses you.
The manticore claws you but does no damage.
You hit Kirke.
Kirke is moderately wounded.
The hog completely misses you. You block the hog's attack.
The lindwurm breathes flames at you. The blast of flame hits you!!
* * * LOW HITPOINT WARNING * * *
Kirke casts a spell at you.
You turn into a filthy swine.
The +6 mace of Fear {vorpal, rPois rC++} melds into your body.
The +0 cloak "Fuudwips" {rN+ Regen+} melds into your body.
Your +0 pair of gloves melds into your body.
Your +2 robe of the Archmagi melds into your body.
Your +4 ring of protection melds into your body.
Your ring of poison resistance melds into your body.
You feel strangely numb. You block the manticore's attack.
The manticore barely misses you. x2; The hog closely misses you.
Kirke misses you. The lindwurm bites you.
* * * LOW HITPOINT WARNING * * *
The lindwurm barely misses you. The lindwurm claws you.
* * * LOW HITPOINT WARNING * * *
The manticore barely misses you. The manticore claws you.
* * * LOW HITPOINT WARNING * * *
The manticore closely misses you. The heat melts your icy armour.
Your icy armour will break if you move.
Continue?
Your icy armour cracks and falls away as you move.
Found a runed emerald amulet.
The hog bites you!
* * * LOW HITPOINT WARNING * * *
The lindwurm breathes flames at you. The blast of flame hits you!!
You die...

### #.######### P
###..P..P.PP## .P
#............. "..
###.....P..#.#.. ....
###P##..######.#..
.....##...#....#.P#..##.
....#...................
..#.^.h##.....####.P..†
#....h.H.....P##......
......PP@k.....###..#...
#...................###.
..............P#..## #..
...#..P....P.P.#### #..
....P.PP......#.######..
.##P.P..................
#.............#..##.#.


You could see Kirke, a manticore (summoned), a lindwurm (summoned, catching
breath) and a hog.

Vanquished Creatures
  5 hydras
  2 oklob plants (Lair:1)
  A cyclops (D:9)
  A centaur zombie (D:6)
  6 elephants
  Maurice (D:8)
  Joseph (D:9)
  6 black mambas
  3 cane toads
  5 komodo dragons
  A rime drake (Lair:1)
  A troll (D:7)
  13 blink frogs
  Sigmund (D:2)
  A wyvern (D:4)
  Eustachio (D:5)
  20 yaks
  2 hogs (Lair:5)
  6 vampire mosquitoes (Lair:2)
  A basilisk (Lair:6)
  A steam dragon (D:7)
  Duvessa (D:7)
  10 water moccasins
  A sky beast (D:7)
  2 necrophages
  3 orc warriors
  2 ogres (D:6)
  15 wolves
  6 centaurs
  2 gnoll sergeants
  11 bullfrogs
  4 scorpions
  Dowan (D:7)
  2 water moccasin skeletons
  15 wights
  3 killer bees (D:9)
  9 howler monkeys
  3 vampire bats (Lair:6)
  A bullfrog zombie (D:6)
  3 electric eels
  2 hounds (D:6)
  8 orc priests
  A bullfrog skeleton (D:6)
  2 centaur skeletons
  A jelly (D:7)
  Natasha (thrice) (D:3)
  2 iguanas
  4 orc wizards
  A hound zombie (D:5)
  9 gnolls
  9 adders
  2 white imps
  An ufetubus (D:4)
  3 worms
  A dart slug (D:2)
  23 orcs
  12 bats
  7 endoplasms
  3 giant cockroaches
  7 goblins
  8 hobgoblins
  4 jackals (D:1)
  5 quokkas
  4 ball pythons
  2 frilled lizards
  7 kobolds
  4 rats
308 creatures vanquished.

Vanquished Creatures (collateral kills)
  4 elephants (Lair:2)
  Maggie (Lair:2)
5 creatures vanquished.

Vanquished Creatures (others)
  21 fungi
  23 plants
44 creatures vanquished.

Grand Total: 357 creatures vanquished

Notes
Turn   | Place    | Note
-------+----------+-------------------------------------------
     0 | D:1      | DearestLeader the Merfolk Ice Elementalist began the quest
                  | for the Orb.
     0 | D:1      | Reached XP level 1. HP: 13/13 MP: 3/3
   217 | D:1      | Reached XP level 2. HP: 11/19 MP: 0/5
   439 | D:1      | Reached skill level 5 in Ice Magic
   899 | D:1      | Reached XP level 3. HP: 24/24 MP: 3/6
   903 | D:1      | Learned a level 3 spell: Frozen Ramparts
  1048 | D:1      | Found a faded altar of an unknown god.
  1273 | D:2      | Noticed Sigmund
  1281 | D:2      | Killed Sigmund
  1282 | D:2      | Reached XP level 4. HP: 30/30 MP: 0/7
  1282 | D:2      | Reached XP level 5. HP: 35/35 MP: 0/8
  1286 | D:2      | Learned a level 3 spell: Ozocubu's Armour
  2067 | D:2      | Reached skill level 1 in Polearms
  2067 | D:2      | Reached XP level 6. HP: 38/41 MP: 5/9
  2422 | D:3      | Found an iron altar of Okawaru.
  2427 | D:3      | Noticed Natasha
  2429 | D:3      | Killed Natasha
  2433 | D:3      | Became a worshipper of Warmaster Okawaru
  2781 | D:3      | Reached skill level 2 in Polearms
  3029 | D:3      | Noticed Natasha
  3034 | D:3      | Killed Natasha
  3149 | D:3      | Noticed Elvor's ghost (novice GrDe)
  3153 | D:3      | Found a runed translucent gate.
  3153 | D:3      | Found a runed translucent gate.
  3153 | D:3      | Found a runed translucent gate.
  3202 | D:3      | Reached skill level 1 in Fighting
  3415 | D:3      | Found a snail-covered altar of Cheibriados.
  3615 | D:3      | Reached skill level 3 in Polearms
  3615 | D:3      | Reached XP level 7. HP: 48/48 MP: 6/10
  3691 | D:3      | Noticed Natasha
  3695 | D:3      | Killed Natasha
  3987 | D:4      | Noticed a wyvern
  3991 | D:4      | Killed a wyvern
  3991 | D:4      | Reached * piety under Okawaru
  4409 | D:4      | Found a blossoming altar of Fedhas.
  4541 | D:4      | Reached skill level 4 in Polearms
  4910 | D:5      | Entered Level 5 of the Dungeon
  5194 | D:5      | Noticed a yak
  5195 | D:5      | Noticed Eustachio
  5195 | D:5      | Noticed a yak
  5195 | D:5      | Noticed a yak
  5219 | D:5      | Killed a yak
  5220 | D:5      | Reached skill level 1 in Invocations
  5220 | D:5      | Reached XP level 8. HP: 59/59 MP: 5/12
  5222 | D:5      | Killed Eustachio
  5279 | D:5      | Noticed a yak
  5279 | D:5      | Noticed a yak
  5279 | D:5      | Noticed a yak
  5286 | D:5      | Killed a yak
  5286 | D:5      | Reached ** piety under Okawaru
  5286 | D:5      | Killed a yak
  5286 | D:5      | Killed a yak
  5287 | D:5      | Reached skill level 5 in Polearms
  5287 | D:5      | Killed a yak
  5288 | D:5      | Reached skill level 5 in Fighting
  5288 | D:5      | Reached XP level 9. HP: 65/68 MP: 7/14
  5289 | D:5      | Reached skill level 6 in Polearms
  5289 | D:5      | Reached skill level 10 in Ice Magic
  5339 | D:5      | Found a staircase to the Ecumenical Temple.
  5860 | D:5      | Identified the +1 hunting sling "Rirph" {speed, Str+4}
  6332 | D:6      | Reached skill level 7 in Polearms
  6567 | D:6      | Found Ella's Antique Weapon Emporium.
  6573 | D:6      | Bought a glowing trident for 143 gold pieces
  6612 | D:6      | Reached *** piety under Okawaru
  6646 | D:6      | Reached skill level 8 in Polearms
  6934 | D:6      | Reached skill level 9 in Polearms
  7123 | D:6      | Reached skill level 5 in Dodging
  7549 | D:7      | Reached skill level 5 in Invocations
  7575 | D:7      | Found an opulent altar of Gozag.
  7575 | D:7      | Found a sparkling altar of Nemelex Xobeh.
  7575 | D:7      | Noticed Dowan
  7578 | D:7      | Noticed Duvessa
  7588 | D:7      | Killed Duvessa
  7588 | D:7      | Killed Dowan
  7588 | D:7      | Reached **** piety under Okawaru
  7589 | D:7      | Reached XP level 10. HP: 74/74 MP: 10/16
  7766 | D:7      | Reached skill level 10 in Polearms
  7805 | D:7      | Found a shadowy altar of Dithmenos.
  8527 | D:8      | Reached skill level 11 in Polearms
  8807 | D:8      | Reached ***** piety under Okawaru
  8983 | D:8      | Noticed Maurice
  8990 | D:8      | Paralysed by Maurice for 7 turns
  9000 | D:8      | Killed Maurice
  9336 | D:9      | Noticed a cyclops
  9362 | D:9      | Killed a cyclops
  9529 | D:9      | Found a staircase to the Lair.
  9600 | D:9      | Reached skill level 12 in Polearms
  9600 | D:9      | Reached XP level 11. HP: 73/83 MP: 11/17
  9602 | D:9      | Received a gift from Okawaru
 10240 | D:9      | Noticed Joseph
 10275 | D:9      | Killed Joseph
 10993 | D:10     | Entered Level 10 of the Dungeon
 11046 | Lair:1   | Entered Level 1 of the Lair of Beasts
 11242 | Lair:1   | Noticed a four-headed hydra
 11260 | Lair:1   | Killed a four-headed hydra
 11260 | Lair:1   | Reached ****** piety under Okawaru
 11260 | Lair:1   | Received a gift from Okawaru
 11261 | Lair:1   | Reached skill level 13 in Polearms
 11491 | Lair:1   | Noticed an oklob plant
 11492 | Lair:1   | Noticed an oklob plant
 11507 | Lair:1   | Killed an oklob plant
 11508 | Lair:1   | Killed an oklob plant
 12249 | Lair:2   | Noticed Maggie
 12270 | Lair:2   | Killed Maggie
 12280 | Lair:2   | Received a gift from Okawaru
 12553 | Lair:2   | Reached skill level 14 in Polearms
 12553 | Lair:2   | Reached XP level 12. HP: 72/92 MP: 14/18
 12724 | Lair:2   | Found a staircase to the Swamp.
 12742 | Lair:2   | Noticed an eight-headed hydra
 12761 | Lair:2   | Killed a nine-headed hydra
 13210 | Lair:2   | Noticed a seven-headed hydra
 13222 | Lair:2   | Killed a seven-headed hydra
 13823 | Lair:2   | Learned a level 7 spell: Ozocubu's Refrigeration
 13963 | Lair:3   | Noticed an eight-headed hydra
 13973 | Lair:3   | Killed an eight-headed hydra
 13973 | Lair:3   | Received a gift from Okawaru
 14292 | Lair:3   | Reached skill level 15 in Polearms
 14299 | Lair:3   | Reached skill level 10 in Dodging
 14648 | Lair:3   | Found an iron altar of Okawaru.
 15996 | Lair:4   | You fall into a shaft and drop 2 floors!
 15996 | Lair:6   | Entered Level 6 of the Lair of Beasts
 16185 | Lair:5   | Noticed an eight-headed hydra
 16188 | Lair:5   | Noticed a seven-headed hydra
 16190 | Lair:5   | Identified the +0 cloak "Fuudwips" {rN+ Regen+} (Okawaru
                  | gifted it to you on level 5 of the Lair of Beasts)
 16190 | Lair:5   | Received a gift from Okawaru
 16191 | Lair:5   | Reached skill level 5 in Spellcasting
 16191 | Lair:5   | Reached XP level 13. HP: 81/101 MP: 14/20
 16317 | Lair:6   | Found a staircase to the Slime Pits.
 16320 | Lair:6   | Found a viscous altar of Jiyva.
 16510 | Lair:6   | Identified the +4 scale mail of the Shrike {+Blink rElec
                  | rN+ Stlth+}
 16565 | Lair:6   | Reached skill level 16 in Polearms
 16588 | Lair:6   | HP: 4/101 [elephant (10)]
 17090 | Lair:5   | Identified the amulet of the Saviour {Reflect +Inv rC+ rN+
                  | MP-9 SH+5}
 17221 | Lair:5   | Identified the +6 mace of Fear {vorpal, rPois rC++}
 17303 | Lair:5   | Noticed Kirke
 17316 | Lair:5   | HP: 5/101 [hog[Kirke] (13)]
 17316 | Lair:5   | Killed from afar by a lindwurm

Illustrated notes

Levels and vault maps discovered:
D:1:      heliophobic_arrival_enchanted_forest, layout_loops_ring,
          ebering_ecumenical_altar_abandoned
D:2:      layout_basic, uniq_sigmund
D:3:      minmay_chambers_of_twos, layout_loops_corners,
          mainiacjoe_overflow_catch_the_wave, gammafunk_ghost_split,
          uniq_natasha
D:4:      layout_loops_ring, fedhas_ov_isle_minmay
D:5:      layout_basic, minmay_temple_entry_arrows, uniq_eustachio
D:6:      layout_gridville, serial_shops, nicolae_stop_n_shop_1
D:7:      layout_loops_cross, grunt_temple_overflow_opulence,
          old_standard_altar, uniq_duvessa
D:8:      layout_rooms, minmay_misc_feat_ornament, uniq_maurice
D:9:      layout_loops_corners, dpeg_oklobed_lair, uniq_joseph
D:10:     layout_stronghold
Lair:1:   layout_regular_city, lemuel_fruit_fields, minmay_lair_oklob_chamber
Lair:2:   layout_regular_city, minmay_swamp_entry_swarm, grunt_megastairs_5,
          serial_bayou_shore_b, uniq_maggie
Lair:3:   layout_chaotic_city, lemuel_centaur_altar, infiniplex_staircase_pool,
          grunt_megastairs_1, serial_bayou_shore_a
Lair:4:   layout_regular_city, spider_nest_entry_a
Lair:5:   layout_loops_ring, ebering_ghost_disaster_area,
          infiniplex_staircase_pool_2, grunt_megastairs_4, serial_bayou_shore_b,
          uniq_nessos, uniq_snorg, uniq_kirke
Lair:6:   cheibrodos_lair_end_hotspot, layout_regular_city, slime_altar_1,
          roderic_batcave, uniq_sonja

Skill      XL: |  1  2  3  4  5  6  7  8  9 10 11 12 13 |
---------------+----------------------------------------+-----
Dodging        | 3 5 7 9 10 | 10.0
Ice Magic      | 5 7 8 9 10 11 12 | 12.1
Polearms       | 1 3 4 5 9 12 14 15 16 | 16.3
Fighting       | 1 3 5 6 7 9 |  9.4
Invocations    | 1 2 5 6 8 9 |  9.6
Spellcasting   | 3 4 5 |  5.5
Stealth        | |  2.1

Action                   |  1- 3 |  4- 6 |  7- 9 | 10-12 | 13-15 || total
-------------------------+-------+-------+-------+-------+-------++-------
Melee: Unarmed           |     3 |       |       |       |       ||     3
       Whip              |    15 |       |       |       |       ||    15
       Scythe            |       |    63 |       |       |       ||    63
       Short sword       |       |    35 |    90 |       |       ||   125
       Rapier            |       |       |    64 |       |       ||    64
       Trident           |       |       |   117 |   281 |       ||   398
       Halberd           |       |       |       |   155 |    94 ||   249
       Tailslap          |       |       |       |     1 |       ||     1
       Mace              |       |       |       |       |    15 ||    15
Throw: Javelin           |       |       |       |     2 |       ||     2
 Cast: Freeze            |    39 |       |     1 |    18 |     7 ||    65
       Frozen Ramparts   |     1 |    15 |    20 |    67 |    10 ||   113
       Ozocubu's Armour  |       |     4 |    13 |    30 |     7 ||    54
Invok: Heroism           |       |       |     1 |       |       ||     1
Evoke: Wand              |       |       |       |     1 |       ||     1
  Use: Scroll            |       |     3 |     2 |    15 |       ||    20
       Potion            |       |       |       |     1 |     1 ||     2
 Stab: Sleeping          |     2 |     1 |     4 |     3 |     1 ||    11
       Distracted        |       |       |     1 |     2 |       ||     3
Armor: Robe              |    11 |    50 |   129 |   126 |    45 ||   361
Dodge: Dodged            |    32 |    61 |   189 |   255 |   106 ||   643
Block: Other             |       |       |       |       |    13 ||    13
